 Dungeon Crawl Stone Soup version 0.18-a0-1273-g8ec5f8e (webtiles) character file.

92 namelastname112 the Archer (level 4, -2/45 HPs)
             Began as a Draconian Hunter on Feb 7, 2016.
             Slain by a centaur (10 damage)
             ... on level 3 of the Dungeon.
             The game lasted 00:02:50 (1884 turns).

namelastname112 the Archer (Draconian Hunter)       Turns: 1884, Time: 00:02:51

Health: -2/45      AC:  5    Str: 14    XL:     4   Next: 35%
Magic:  4/4        EV: 14    Int: 11    God:
Gold:   59         SH:  0    Dex: 13    Spells: 0 memorised, 3 levels left

rFire  . . .     SeeInvis .     a - +1 shortbow
rCold  . . .     Gourm    .     (armour unavailable)
rNeg   . . .     Faith    .     (shield currently unavailable)
rPois  .         Spirit   .     (helmet restricted)
rElec  .         Dismiss  .     (no cloak)
rCorr  .         Reflect  .     (no gloves)
SustAt .         Harm     .     (no boots)
MR     .....                    (no amulet)
Stlth  +.........               (no ring)
                                m - ring of wizardry

@: starving, slowed, very slow, not resistant to hostile enchantments, very
unstealthy
A: unfitting armour, cold-blooded, AC +5
a: no special abilities


You were on level 3 of the Dungeon.
You were starving.

You visited 1 branch of the dungeon, and saw 3 of its levels.

You collected 59 gold pieces.

Inventory:

Hand Weapons
 a - a +1 shortbow (weapon)
 b - a +0 short sword
Missiles
 c - 33 arrows (quivered)
Jewellery
 m - a ring of wizardry (left hand)
 o - an uncursed ring of ice
Wands
 i - a wand of acid (0/15)
Scrolls
 e - a scroll of fear {unknown}
 f - 2 scrolls of recharging {unknown}
 g - 3 scrolls of remove curse {unknown}
 h - a scroll of magic mapping {unknown}
 j - a scroll of teleportation {unknown}
 k - a scroll of identify {unknown}
 l - a scroll of immolation {unknown}
 n - a scroll of random uselessness {unknown}
 p - a scroll of enchant armour {unknown}
 q - a scroll of amnesia {unknown}
Comestibles
 d - 2 bread rations
 r - a royal jelly


   Skills:
 + Level 6.3 Fighting
 * Level 8.0 Bows
 + Level 5.3 Dodging
 - Level 0.8 Stealth


You had 3 spell levels left.
You didn't know any spells.

Dungeon Overview and Level Annotations

Branches:
Dungeon (3/15)

Altars:
Sif Muna

Annotations:
D:2 Sigmund


Innate Abilities, Weirdness & Mutations

Your plain brown scales are hard (AC +5).
Your body does not fit into most forms of armour.
You are cold-blooded and may be slowed by cold attacks.


Message History

The centaur shoots an arrow.
The arrow hits you. The arrow freezes you.
You feel as though you will be slow longer.
The centaur shoots an arrow.
The arrow hits you.
* * * LOW HITPOINT WARNING * * *
The arrow freezes you.
* * * LOW HITPOINT WARNING * * *
You feel as though you will be slow longer.
Found a robe.
You see here 2 arrows.
The centaur unwields an uncursed shortbow of freezing.
The centaur misses you.
Found a scroll labeled SUMUFUFIFE and 18 sling bullets.
You aren't carrying any potions.
Read which item? (? for menu, Esc to quit)
Okay, then.
Firing (i - inventory):
c - 34 arrows (quivered)
Press: ? - help, Shift-Dir - straight line, f - centaur
Aim: a centaur You shoot an arrow.
The arrow closely misses the centaur.
The centaur hits you!
You die...

######## ... #. #......#
(..##. #(#...(# ......#
#)#....# ......[## #
#.#...(#
........#.###.(....# ##
........#?##$.#....####.
..........##.##......o..
(.....c@####.......#....
........(((..####.......
..................#.#...
.....$....?...###...#...
...........#..........$.
..........(.............
...$....#..#.......<....
........##.#......[ .
....... ....##....


You could see a centaur.

Vanquished Creatures
  An ooze (D:1)
  3 giant geckos (D:1)
  An orc (D:3)
  2 giant cockroaches (D:2)
  4 goblins
  3 hobgoblins
  3 jackals (D:2)
  5 bats
  2 giant newts
  5 kobolds
  5 rats
34 creatures vanquished.

Notes
Turn   | Place    | Note
--------------------------------------------------------------
     0 | D:1      | namelastname112 the Draconian Hunter began the quest for the Orb.
     0 | D:1      | Reached XP level 1. HP: 17/17 MP: 1/1
   255 | D:1      | Reached XP level 2. HP: 25/25 MP: 2/2
   389 | D:1      | You fall through a shaft!
   401 | D:2      | Found a deep blue altar of Sif Muna.
   440 | D:2      | Reached skill level 4 in Bows
   582 | D:2      | Noticed Sigmund
   901 | D:1      | Reached XP level 3. HP: 14/30 MP: 3/3
  1570 | D:2      | Reached skill level 6 in Fighting
  1570 | D:2      | Reached skill level 8 in Bows
  1570 | D:2      | Reached skill level 5 in Dodging
  1570 | D:2      | Reached XP level 4. HP: 2/45 MP: 4/4
  1879 | D:3      | Noticed a centaur
  1884 | D:3      | Slain by a centaur

Vault maps used:
D:1:      sevenhm_arrival_forest_fort_large_2
D:2:      good_gods_temple_1, old_standard_altar, nemelex_lonely_heart_becter,
          uniq_terence, uniq_sigmund
D:3:      lemuel_zombie_altar_kikubaaqudgha

Action                   |  1- 3 |  4- 6 || total
-------------------------+-------+-------++-------
Melee: Short sword       |   112 |       ||   112
 Fire: Shortbow          |     3 |     7 ||    10
Evoke: Wand              |     3 |       ||     3
  Use: Potion            |     1 |       ||     1
 Stab: Sleeping          |     2 |       ||     2
  Eat: Chunk             |     1 |       ||     1
